Unix NetHack Version 5.0.0-0 post-release - last build Jul 19 2026 19:10:59 (3aa4ab31751d3886436d94b585a96704892fd477,branch:main).

Game began 2026-07-29 12:07:14, ended 2026-07-29 14:04:52.

Fletchius, chaotic male elven Wizard

            -------     --------------------------------
            ......|    #|...:d..@.............dd.......|  #
            |.<...-####@.......-|--------------..-----..####
            -------    #|......|..|...|.   |..-..-...|.|  ##
                        |......|..|...|.   |..|..|...|.|   #`##
                        |......|--|...||-  ---|..| ..|.|    ## #   -.------
                        |......|..|...|.|     |.-----|.|     ####  |......|
                        |.----.|..||---.|     |.-....|.|       #  #|......|
                        |.|  +.-|--..{..-+--  |.|.._.|.|       ####|.[...)|
                        |.|  |.............-+--.|....|.|          #|......|
                        |.|---|---%----+--......| ...|.|          #.......|
                        |.|..|...|.-..|  ---+--------|.|           |......|
                        |.|..|((/|%|..|       |{.|%%.|.|           --------
                        |.|..|!(/|.---|       |..|%(.-.|
                        |.--|-----..{.---------|------.|
                        |..............................|
                        --------------------------------

Fletchius the Thaumaturge  St:10 Dx:14 Co:15 In:19 Wi:11 Ch:10  Chaotic
Dlvl:6  $:196 HP:44(46) Pw:19(86) AC:3  Xp:7 T:2442  Satiated

Latest messages:
 The spell hits it!
 In what direction? l
 The spell misses it.
 In what direction? l
 The spell hits it!
 In what direction? l
 The spell hits it!
 You destroy it!
 You see here 177 gold pieces.
 $ - 177 gold pieces (196 in total).
 You hit the fog cloud.
 You miss the fog cloud.
 You miss the fog cloud.
 You hit the fog cloud!
 You miss the fog cloud.
 You miss the fog cloud.
 You hit the fog cloud!
 You hit the fog cloud!
 The fog cloud engulfs you!
 You are laden with moisture and can barely breathe!
 You destroy the fog cloud!
 Step into that vapor cloud? [yn] (n) y
 You kill the newt!
 There is a vapor cloud here.
 There is a newt corpse here; eat it? [ynq] (n) y
 This newt corpse is tough.
 You see a gas cloud dissipate.
 You finish eating the newt corpse.
 You feel a mild buzz.
 The jackal bites!
 The jackal bites!
 You kill the jackal!
 You see here a dagger.
 You descend the stairs.
 Please move the cursor to a monster, object or location.
 (For instructions type a '?')
 Done.
 In what direction? h
 The spell hits the wolf!
 You kill the wolf!
 You see here a wolf corpse.
 There is a wolf corpse here; eat it? [ynq] (n) y
 This wolf corpse tastes okay.
 You hear someone cursing shoplifters.
 You finish eating the wolf corpse.
 You hear a door open.
 You stop.  The watchman is in the way!
 You hear the splashing of a naiad.
 Really quit without saving? [yn] (n) y
 Do you want your possessions identified? [ynq] (y) q

Inventory:
 Coins    ('$')
  $ - 196 gold pieces
 Weapons  (')')
  J - a +0 arrow
  a - a blessed +1 quarterstaff (weapon in hands)
 Armor    ('[')
  t - an uncursed +2 orcish helm (being worn)
  b - an uncursed fireproof +0 cloak of magic resistance (being worn)
  N - a cursed -1 cloak of magic resistance
 Comestibles  ('%')
  p - 3 uncursed food rations
  M - 2 uncursed lembas wafers
  Q - an uncursed lizard corpse
 Scrolls  ('?')
  K - an uncursed scroll of confuse monster
  O - an uncursed scroll of enchant armor
  q - an uncursed scroll of light
  u - an uncursed scroll of teleportation
 Spellbooks  ('+')
  l - an uncursed spellbook of confuse monster
  k - a blessed spellbook of force bolt
 Potions  ('!')
  h - an uncursed potion of booze
  x - an uncursed potion of fruit juice
  F - an uncursed potion of gain energy
  B - an uncursed potion of hallucination
  v - an uncursed potion of levitation
  f - a blessed potion of see invisible
  C - a cursed potion of sickness
  g - an uncursed potion of water
 Rings    ('=')
  d - an uncursed ring of poison resistance
  e - an uncursed +3 ring of protection (on left hand)
  G - an uncursed ring of teleport control
 Wands    ('/')
  c - a wand of magic missile (0:0)
  o - a wand of opening (0:6)
 Tools    ('(')
  n - an uncursed leather drum
  y - an uncursed blindfold
  z - an uncursed lock pick
  m - a magic marker (0:22)
  L - a cursed magic whistle
  I - a +0 pick-axe
 Gems/Stones  ('*')
  r - an uncursed aquamarine stone

Fletchius the Wizard's attributes:

Background:
 You were a Thaumaturge, a level 7 male elven Wizard.
 You were chaotic, on a mission for Anhur
 who was opposed by Ptah (lawful) and Thoth (neutral).
 You were right-handed.
 You were in the Gnomish Mines, on level 6.
 You entered the dungeon 2442 turns ago.
 There was a full moon in effect when your adventure ended.
 You had 1088 experience points, 192 more were needed to attain level 8.

Basics:
 You had 44 out of 46 hit points.
 You had 19 out of 86 energy points (spell power).
 Your armor class was 3.
 Your wallet contained 196 zorkmids.
 Autopickup was off.

Final Characteristics:
 Your strength was 10 (limit:18).
 Your dexterity was 14 (limit:18).
 Your constitution was 15 (limit:16).
 Your intelligence was 19 (limit:20).
 Your wisdom was 11 (limit:20).
 Your charisma was 10 (limit:18).

Final Status:
 You were satiated.
 You were unencumbered.
 You were wielding a quarterstaff.
 You had basic skill with quarterstaff and could have enhanced that.

Final Attributes:
 You were piously aligned.
 You were magic-protected.
 You were sleep resistant.
 You had infravision.
 You had a small defense bonus (+3).
 You were guarded.
 You survived.

Miscellaneous:
 You didn't encounter any bones levels.
 Total elapsed playing time was 1 hour, 26 minutes and 18 seconds.

Major events:
 Turn
    1: Fletchius the chaotic male elven Wizard entered the dungeon
   17: attained the rank of Conjurer (level 3)
  515: attained the rank of Thaumaturge (level 6)
 1015: entered the Gnomish Mines
 1724: reached Mine Town
 2442: quit

Spells:
 Name                 Level Category     Fail Retention
 force bolt             1   attack         0%   81%-90%
 confuse monster        1   enchantment    0%   81%-90%

Skills:
 Fighting Skills
   bare handed combat [Unskilled]
   riding             [Unskilled]
 Weapon Skills
   dagger             [Unskilled]
   knife              [Unskilled]
   axe                [Unskilled]
   short sword        [Unskilled]
   club               [Unskilled]
   mace               [Unskilled]
   quarterstaff       [Basic]
   polearms           [Unskilled]
   spear              [Unskilled]
   trident            [Unskilled]
   sling              [Unskilled]
   dart               [Unskilled]
   shuriken           [Unskilled]
 Spellcasting Skills
   attack spells      [Basic]
   healing spells     [Unskilled]
   divination spells  [Unskilled]
   enchantment spells [Basic]
   clerical spells    [Unskilled]
   escape spells      [Unskilled]
   matter spells      [Unskilled]

Voluntary challenges:
 Character rerolling was not enabled.
 You never genocided any monsters.
 You never polymorphed an object.
 You never changed form.
 You used no wishes.
Achievements:
 You attained the rank of Conjurer.
 You attained the rank of Thaumaturge.
 You entered the Gnomish Mines.
 You entered Minetown.
 You entered a temple.
 You entered a shop.

 The Dungeons of Doom: levels 1 to 4
    Level 1:
       A fountain.
    Level 2:
       A fountain.
    Level 3:
       A fountain.
       Stairs down to The Gnomish Mines.
    Level 4:
 The Gnomish Mines: levels 4 to 6
    Level 4:
    Level 5:
    Level 6: <- You were here.
       Some shops, a temple and an altar, some fountains, a sink.


Vanquished creatures:
  a large mimic
  6 small mimics
  3 wolves
  a gold golem
  a lizard
  a raven
  4 human zombies
  a wood nymph
  a rock mole
  a fog cloud
  a yellow light
  a shrieker
  4 gnome leaders
  2 gnomish wizards
  a ghoul
  2 giant ants
  a little dog
  a kitten
  5 dwarves
  a hill orc
  3 rothes
  5 monkeys
  a dwarf zombie
 an iguana
  2 hobbits
  3 hobgoblins
  a cave spider
 26 gnomes
  a garter snake
  a gecko
  4 jackals
  a kobold
  2 goblins
  a bat
  a lichen
  2 newts
94 creatures vanquished.

No species were genocided or became extinct.

Goodbye Fletchius the Wizard...

You quit in The Gnomish Mines on dungeon level 6 with 4904 points,
and 196 pieces of gold, after 2442 moves.
You were level 7 with a maximum of 46 hit points when you quit.

